[Event "XXII Obert Internacional d'Escacs Sant Marti 2022"]
[Site "Barcelona, Spain"]
[Date "2022.07.13"]
[Round "1.1"]
[White "Congrains Diaz, Adrian Francisco"]
[Black "Asis Gargatagli, Hipolito"]
[Result "0-1"]
[TimeControl "1.30 fb 30"]
[WhiteElo "2025"]
[BlackElo "2514"]

1. d4 Nf6 2. c4 g6 3. Nc3 Bg7 4. e4 d6 5. f3 O-O 6. Bg5 c5 7. d5 e6 8. Qd2 exd5 9. cxd5 h6 10. Be3 a6 11. a4 Re8 12. Nge2 Nbd7 13.
Ng3 h5 14. Bg5 h4 15. Nge2 Ne5 16. h3 Nc4 17. Qf4 Nxb2 18. Qxh4 Nd3+ 19. Kd2 Ne5 20. Ng3 c4 21. Kc2 Bd7 22.
Be2 b5 23. Rhb1 Rb8 24. axb5 axb5 25. Rb4 Rc8 26. Ra3 Rc5 27. f4 Nd3 28. Bxd3 cxd3+ 29. Kxd3 Qe7 30. Kd2 Rec8 31. Nge2 Rc4 32.
Rxc4 Rxc4 33. Ra8+ Bc8 34. Kd3 Rc5 35. e5 dxe5 36. Ne4 Rxd5+ 37. Ke3 exf4+ 38. Qxf4 Rxg5 39. Rxc8+ Kh7 40. Qxg5 Qxe4+ 41. Kf2 Qe6 42.
Qh4+ Bh6 43. Rc2 Qf5+ 44. Ke1 Qxc2 45. Qxf6 Qc4 46. Qd4 Qc6 47. Kf2 Bf8 48. Kf1 b4 49. Ng3 b3 50. Ne4 Be7 51.
Qe5 b2 52. Nd2 Qc1+ 53. Ke2 Bb4 0-1

[Event "XXII Obert Internacional d'Escacs Sant Marti 2022"]
[Site "Barcelona, Spain"]
[Date "2022.07.13"]
[Round "1.2"]
[White "Roshka, Yevgeniy"]
[Black "Asensio Linan, Teodoro"]
[Result "1-0"]
[TimeControl "1.30 fb 30"]
[WhiteElo "2497"]
[BlackElo "2015"]

1. d4 g6 2. e4 Nf6 3. Bd3 d6 4. Nf3 Bg7 5. O-O O-O 6. Nbd2 Na6 7. c3 c5 8. Re1 cxd4 9. cxd4 Nb4 10.
Bb1 e5 11. dxe5 Ng4 12. exd6 Qb6 13. Qe2 Qxd6 14. e5 Qc7 15. h3 Nh6 16. Ne4 b6 17. Bg5 Ba6 18. Qd2 Nd3 19. Bxd3 1-0

[Event "XXII Obert Internacional d'Escacs Sant Marti 2022"]
[Site "Barcelona, Spain"]
[Date "2022.07.13"]
[Round "1.4"]
[White "Aronyak, Ghosh"]
[Black "Monedero Gonzalez, Josep"]
[Result "1-0"]
[TimeControl "1.30 fb 30"]
[WhiteElo "2486"]
[BlackElo "2002"]

1. c4 e6 2. Nc3 Nf6 3. e4 Nc6 4. Nf3 d5 5. e5 Ne4 6. d4 Be7 7. Bd3 Nxc3 8. bxc3 dxc4 9. Bxc4 O-O 10.
O-O Na5 11. Bd3 c5 12. Qc2 g6 13. Bh6 Re8 14. Qd2 Nc6 15. Qf4 cxd4 16. Rad1 f6 17. Qg3 f5 18. cxd4 Nb4 19. Bc4 Nd5 20.
h4 Kf7 21. Ng5+ Bxg5 22. Bxg5 Qc7 23. Rc1 Qd7 24. Bxd5 Qxd5 25. Rc7+ Bd7 26. Qb3 1-0

[Event "XXII Obert Internacional d'Escacs Sant Marti 2022"]
[Site "Barcelona, Spain"]
[Date "2022.07.13"]
[Round "1.5"]
[White "Sudarshan, Bhat"]
[Black "Berdayes Ason, Dylan Isidro"]
[Result "0-1"]
[TimeControl "1.30 fb 30"]
[WhiteElo "2001"]
[BlackElo "2480"]

1. e4 c6 2. d4 d5 3. exd5 cxd5 4. c4 Nf6 5. Nc3 Nc6 6. Bg5 dxc4 7. Bxc4 h6 8. Bh4 e6 9. Nf3 Be7 10.
O-O O-O 11. a3 Nh5 12. Bxe7 Nxe7 13. Ne5 Nf6 14. Qd3 Qb6 15. Rad1 Rd8 16. Ba2 Bd7 17. Bb1 Bc6 18. Rfe1 Nf5 19.
Nxc6 bxc6 20. Ne4 Nxe4 21. Rxe4 c5 22. Rf4 g6 23. Qf3 Nxd4 24. Rdxd4 cxd4 25. Rxf7 Qxb2 26. Bd3 Rf8 27. Rf6 Qc1+ 28.
Bf1 Kg7 29. Rf7+ Rxf7 30. Qxa8 Qe1 0-1

[Event "XXII Obert Internacional d'Escacs Sant Marti 2022"]
[Site "Barcelona, Spain"]
[Date "2022.07.13"]
[Round "1.6"]
[White "Kovchan, Alexander"]
[Black "De Mey, Juan Pablo"]
[Result "1-0"]
[TimeControl "1.30 fb 30"]
[WhiteElo "2468"]
[BlackElo "1995"]

1. e4 c5 2. Nf3 d6 3. d4 cxd4 4. Nxd4 Nf6 5. Nc3 g6 6. Be3 Bg7 7. f3 O-O 8. Qd2 Nc6 9. O-O-O d5 10. exd5 Nxd5 11. Nxc6 bxc6 12.
Bd4 e5 13. Bc5 Re8 14. Ne4 Qc7 15. Bc4 Be6 16. Kb1 h6 17. g4 f5 18. gxf5 gxf5 19. Nd6 Red8 20. Rhg1 Rxd6 21. Bxd6 Qxd6 22. Qxh6 Nc3+ 23. bxc3 Qxd1+ 24. Rxd1 Rb8+ 25. Ka1 Bxh6 26.
Bxe6+ Kg7 27. Bxf5 Bf4 28. Be4 a5 29. h4 Kh6 30. Rd7 Kh5 31. Rh7+ Bh6 32. a4 c5 33. Ka2 c4 34. Ra7 Kxh4 35. Rxa5 Bd2 36. Rc5 Bxc3 37. Rxc4 Be1 38. c3 Kg3 39. a5 Rb5 40. Ra4 Bxc3 41.
a6 1-0

[Event "XXII Obert Internacional d'Escacs Sant Marti 2022"]
[Site "Barcelona, Spain"]
[Date "2022.07.13"]
[Round "1.7"]
[White "Deodhar, Vrushali Umesh"]
[Black "Narciso Dublan, Marc"]
[Result "0-1"]
[TimeControl "1.30 fb 30"]
[WhiteElo "1984"]
[BlackElo "2461"]

1. c4 f5 2. Nc3 Nf6 3. g3 g6 4. Bg2 Bg7 5. d3 O-O 6. e3 e5 7. Nge2 d6 8. O-O a5 9. a3 c6 10. Rb1 Be6 11. b4 axb4 12. axb4 d5 13. Na4 dxc4 14. Nc5 Bf7 15. Nxb7 Qxd3 16. Bb2 Ne4 17. Bxe4 Qxe4 18. Nc5 Qf3 19. Nc3 Qxd1 20. Rfxd1 Na6 21. Nd7 Rfd8 22. b5 cxb5 23. Nxb5 Be8 24. Nb6 Rxd1+ 25. Rxd1 Rb8 26. Nxc4 Bxb5 27. Nxe5 Nc5 28. Bd4 Ne6 29. f4 Rd8 30. Rb1 Nxd4 31. exd4 Be8 32. Rd1 Bf7 33. h3 Bd5 34. Kf2 Ra8 35. Rc1 Ra2+ 36. Ke3 Ra3+ 37. Kd2 Bxe5 38. fxe5 Rxg3 39. Rc5 Be4 40. Rc8+ Kf7 41. Rd8 Rxh3 0-1

[Event "XXII Obert Internacional d'Escacs Sant Marti 2022"]
[Site "Barcelona, Spain"]
[Date "2022.07.13"]
[Round "1.9"]
[White "Dominguez Laguna, Eduard"]
[Black "Munoz, Miguel"]
[Result "0-1"]
[TimeControl "1.30 fb 30"]
[WhiteElo "1957"]
[BlackElo "2408"]

1. e4 d5 2. exd5 Qxd5 3. Nc3 Qa5 4. d4 Nf6 5. a3 Bg4 6. f3 Bd7 7. b4 Qb6 8. Bc4 e6 9. Nge2 Bd6 10.
O-O h6 11. Ne4 Bb5 12. Nxd6+ cxd6 13. Bxb5+ Qxb5 14. Nc3 Qc4 15. Ne4 Ke7 16. Bf4 Rd8 17. Qd2 Nd5 18. Bg3 Nc6 19. Rfd1 e5 20. dxe5 dxe5 21. Qf2 b6 22.
Rac1 f6 23. Rd3 Nc7 24. Qf1 Nd4 25. Rc3 Qxf1+ 26. Kxf1 Rac8 27. Rd3 Nce6 28. c4 Rd7 29. Rdc3 a5 30. Bf2 Nf4 31. Bxd4 exd4 32.
Rb3 a4 33. Rbb1 Nd3 34. Rc2 f5 35. Ng3 g6 36. Ne2 Ne5 37. Rcc1 Rxc4 38. Rxc4 Nxc4 39. Ke1 Nxa3 40. Nf4 Nxb1 0-1